 Dungeon Crawl Stone Soup version 0.25.0-9-g26727b657a (console) character file.

Game seed: 3620087113723044660

994 Kagalorn the Cleaver (level 8, -1/58 HPs)
             Began as a Human Berserker on June 20, 2020.
             Was a Priest of Trog.
             Killed from afar by an electric eel (8 damage)
             ... with a bolt of electricity
             ... on level 6 of the Dungeon.
             The game lasted 00:12:02 (7597 turns).

Kagalorn the Cleaver (Human Berserker)              Turns: 7597, Time: 00:12:02

Health: -1/58      AC: 12    Str: 20    XL:     8   Next: 42%
Magic:  0/8        EV: 11    Int:  8    God:    Trog [***...]
Gold:   364        SH:  0    Dex: 12    Spells: 7/7 levels left

rFire    . . .     SeeInvis .   a - +0 hand axe
rCold    . . .     Gourm    .   (no shield)
rNeg     + . .     Faith    .   y - +5 ring mail {rN+}
rPois    +         Spirit   +   (no helmet)
rElec    .         Reflect  .   (no cloak)
rCorr    +         Harm     .   (no gloves)
MR       .....                  z - +1 pair of boots "Xaumy" {rPois rCorr}
Stlth    +.........             e - amulet of guardian spirit
HPRegen  0.19/turn              m - ring of poison resistance
MPRegen  0.11/turn              (no ring)

@: no status effects
A: no striking features
a: Berserk, Trog's Hand, Renounce Religion


You were on level 6 of the Dungeon.
You worshipped Trog.
Trog was most pleased with you.
You were very hungry.

You visited 2 branches of the dungeon, and saw 8 of its levels.

You collected 364 gold pieces.

Inventory:

Hand Weapons
 a - a +0 hand axe (weapon)
Missiles
 o - 51 poisoned darts (quivered)
 v - 2 throwing nets
Armour
 y - a +5 ring mail of positive energy (worn)
 z - the +1 pair of boots "Xaumy" (worn) {rPois rCorr}
   (You found it on level 4 of the Dungeon)

   It protects you from poison.
   It provides partial protection from all sources of acid and corrosion.
Jewellery
 e - an amulet of guardian spirit (around neck)
 m - a ring of poison resistance (left hand)
Wands
 n - a wand of paralysis (4)
 s - a wand of iceblast (6)
Scrolls
 b - 5 scrolls of remove curse
 d - 3 scrolls of amnesia
 g - a scroll of enchant armour
 i - a scroll of enchant weapon {unknown}
 j - a scroll of teleportation
 p - a scroll of blinking {unknown}
 q - 2 scrolls of noise {unknown}
 B - a scroll of magic mapping {unknown}
 C - a scroll of identify
Potions
 f - a potion of brilliance {unknown}
 h - 4 potions of curing {unknown}
 k - 7 potions of heal wounds {unknown}
 l - 2 potions of degeneration {unknown}
 r - a potion of invisibility
 t - 2 potions of berserk rage
 u - 2 potions of magic
 w - a potion of stabbing
 x - a potion of cancellation
 A - a potion of haste {unknown}
Comestibles
 c - 6 rations


   Skills:
 - Level 3.0 Fighting
 * Level 9.7 Axes
 - Level 2.0 Armour
 - Level 2.0 Dodging


You had 7 spell levels left.
You didn't know any spells.
Your spell library was empty.

Dungeon Overview and Level Annotations

Branches:
Dungeon (7/15)             Temple (1/1) D:6

Altars:
Cheibriados
Elyvilon
Fedhas
Gozag
Hepliaklqana
Kikubaaqudgha
Makhleb
Nemelex Xobeh
Okawaru
Qazlal
Sif Muna
Trog
Vehumet
Wu Jian
Yredelemnul
Zin
The Shining One


Message History

The bolt of electricity hits you! x2
The bolt of electricity hits the electric eel.
The electric eel completely resists.
You slash the electric eel!
The electric eel is heavily wounded.
The electric eel shoots out a bolt of lightning at you!
The bolt of electricity hits you.
* * * LOW HITPOINT WARNING * * *
The bolt of electricity hits you!
* * * LOW HITPOINT WARNING * * *
The bolt of electricity hits the electric eel.
The electric eel completely resists.
Evoke which item? (* to show all) (? for menu, Esc to quit)
Aiming: Paralyse
Press: ? - help, Shift-Dir - straight line, f - electric eel
Aim: an electric eel (water, heavily wounded, chance to defeat MR: 54%)
The electric eel resists with significant effort.
The electric eel shoots out a bolt of lightning at you!
The bolt of electricity misses you. The bolt of electricity hits you!
You die...

#..#.#.#.#.....#
#...#.#.#..###.#
#....#.#.......#
#..........#####
###.##.#..##
#.....#^.#
#.####...####
#.#..#......#
#@...#...<..#
#≈≈≈≈≈;≈≈≈.....F..#
#≈##≈≈≈##≈.##.....#
#### #≈....###...#
#≈≈###.# .### +...
... .# #..F. .
#..... . #.....


You could see an electric eel.

Vanquished Creatures
  Edmund (D:4)
  2 centaurs
  2 scorpions
  2 howler monkeys
  A bullfrog skeleton (D:5)
  2 hounds
  2 iguanas
  5 orc wizards
  A worker ant (D:4)
  8 gnolls
  3 adders
  A shadow imp (D:6)
  An adder zombie (D:6)
  A worm (D:4)
  3 dart slugs
  4 leopard geckos
  21 orcs
  9 bats
  7 giant cockroaches
  11 hobgoblins
  3 jackals (D:5)
  9 kobolds
  3 quokkas
  2 ball pythons
  2 frilled lizards
  4 goblins
  A leopard gecko skeleton (D:6)
  9 rats
120 creatures vanquished.

Notes
Turn   | Place    | Note
-------+----------+-------------------------------------------
     0 | D:1      | Kagalorn the Human Berserker began the quest for the Orb.
     0 | D:1      | Reached XP level 1. HP: 18/18 MP: 1/1
   255 | D:1      | Reached XP level 2. HP: 17/24 MP: 2/2
   719 | D:1      | Reached skill level 4 in Axes
   719 | D:1      | Reached XP level 3. HP: 20/29 MP: 1/3
  1083 | D:2      | Reached ** piety under Trog
  1281 | D:2      | Reached XP level 4. HP: 35/35 MP: 4/4
  1644 | D:3      | Found a radiant altar of Vehumet.
  1783 | D:3      | Reached skill level 5 in Axes
  1788 | D:3      | Reached XP level 5. HP: 41/41 MP: 2/5
  2490 | D:3      | Found a snail-covered altar of Cheibriados.
  2651 | D:4      | Reached skill level 6 in Axes
  2788 | D:4      | Reached *** piety under Trog
  2813 | D:3      | Reached XP level 6. HP: 33/47 MP: 4/6
  3114 | D:4      | Reached skill level 7 in Axes
  3209 | D:4      | Found a shimmering blue altar of Sif Muna.
  3378 | D:4      | Noticed Edmund
  3395 | D:4      | You fall into a shaft and drop 1 floor!
  3395 | D:5      | Entered Level 5 of the Dungeon
  3396 | D:5      | Found a stormy altar of Qazlal.
  3566 | D:5      | Reached XP level 7. HP: 43/52 MP: 5/7
  3796 | D:5      | Reached skill level 8 in Axes
  3841 | D:5      | Found a burning altar of Makhleb.
  3991 | D:5      | Found a hazy altar of Hepliaklqana.
  4109 | D:4      | Killed Edmund
  4557 | D:4      | Got a pair of slimy boots
  4566 | D:4      | Identified the +1 pair of boots "Xaumy" {rPois rCorr} (You
                  | found it on level 4 of the Dungeon)
  4657 | D:4      | Found a blossoming altar of Fedhas.
  4683 | D:4      | Reached XP level 8. HP: 26/58 MP: 2/8
  5000 | D:4      | Reached skill level 9 in Axes
  5223 | D:5      | You fall into a shaft and drop 2 floors!
  5262 | D:7      | Found an ornate altar of the Wu Jian Council.
  6836 | D:6      | Found a staircase to the Ecumenical Temple.
  6845 | Temple   | Entered the Ecumenical Temple
  7476 | D:6      | Found a hazy altar of Hepliaklqana.
  7597 | D:6      | Killed from afar by an electric eel

Illustrated notes

Levels and vault maps discovered:
D:1:      minmay_arrival_radiant_lines, layout_rooms, minmay_tromino_v2
D:2:      layout_loops_cross
D:3:      layout_basic, cheibriados_altar_1, vehumet_crystals,
          minmay_fractal_squares_gapless_5
D:4:      layout_gridville, fedhas_bush_and_centaur_altar,
          lemuel_blue_sif_altar, kennysheep_generic_room_7, uniq_edmund
D:5:      layout_layer_cave, overflow_temple_1_default, grunt_qazlal_clouds,
          first_ration, basic_altar
D:6:      layout_basic, nicolae_dithmenos_shadow_blocks,
          minmay_temple_entry_grid, basic_altar, lightli_minifort
D:7:      layout_gridville, kennysheep_mini
Temple:   compressed_dpeg_triangle_lava_temple

Skill      XL: |  1  2  3  4  5  6  7  8 |
---------------+-------------------------+-----
Axes           | 4 5 6 7 8 9 |  9.7
Fighting       | |  3.0
Armour         | |  2.0
Dodging        | |  2.0

Action                   |  1- 3 |  4- 6 |  7- 9 || total
-------------------------+-------+-------+-------++-------
Melee: Hand axe          |    92 |   198 |   189 ||   479
Throw: Dart              |       |    19 |    27 ||    46
Invok: Berserk           |       |     1 |     1 ||     2
Evoke: Wand              |       |       |     1 ||     1
  Use: Scroll            |       |       |     9 ||     9
  Eat: Chunk             |     1 |     8 |     6 ||    15
       Ration            |       |       |     2 ||     2
Armor: Animal skin       |    15 |       |       ||    15
       Chain mail        |    16 |   107 |    25 ||   148
       Ring mail         |       |       |    62 ||    62
Dodge: Dodged            |    52 |    79 |   105 ||   236
